 Dungeon Crawl Stone Soup version 0.18-a0-721-g8fc53f4 (webtiles) character file.

174 Raultor the Poker (level 5, -1/41 HPs)
             Began as a Merfolk Gladiator on Dec 8, 2015.
             Slain by an orc
             ... wielding a cursed +0 trident
              (6 damage)
             ... on level 4 of the Dungeon.
             The game lasted 00:06:13 (2613 turns).

Raultor the Poker (Merfolk Gladiator)               Turns: 2613, Time: 00:06:14

Health: -1/41      AC:  6    Str: 15    XL:     5   Next: 54%
Magic:  5/5        EV: 14    Int:  7    God:
Gold:   99         SH:  0    Dex: 16    Spells: 0 memorised, 4 levels left

rFire  + + .     SeeInvis .     a - +0 trident
rCold  x . .     Clarity  .     b - +0 leather armour
rNeg   . . .     SustAt   .     (no shield)
rPois  .         Gourm    .     g - +1 helmet
rElec  .         Spirit   .     s - +0 cloak
rCorr  .         Dismiss  .     (no gloves)
rMut   .         Stasis   .     (no boots)
MR     .....                    (no amulet)
Stlth  +.........               y - ring of fire (curse) {rF+, rC-}
                                m - ring of protection from fire {rF+, !d}

@: not resistant to hostile enchantments, very unstealthy
A: change form in water, swift swim
a: no special abilities


You were on level 4 of the Dungeon.
You were not hungry.

You visited 1 branch of the dungeon, and saw 4 of its levels.

You collected 99 gold pieces.

Inventory:

Hand Weapons
 a - a +0 trident (weapon)
Missiles
 d - 3 throwing nets {=f, !d}
 j - 2 javelins (quivered)
Armour
 b - a +0 leather armour (worn)
 g - a +1 helmet (worn)
   (You found it on level 1 of the Dungeon)
 s - a +0 cloak (worn)
   (You found it on level 1 of the Dungeon)
Jewellery
 m - a ring of protection from fire (left hand) {rF+, !d}
   (You found it on level 1 of the Dungeon)
 y - a cursed ring of fire (right hand) {rF+, rC-}
   (You found it on level 3 of the Dungeon)
 B - an uncursed ring of protection from fire {rF+, !d}
   (You found it on level 4 of the Dungeon)
Scrolls
 h - 2 scrolls of teleportation {unknown}
 i - 3 scrolls of fog {unknown}
 o - 2 scrolls of identify {unknown}
 p - 2 scrolls of noise {unknown}
 q - a scroll of remove curse {unknown}
 t - a scroll of amnesia {unknown}
 v - a scroll of fear {unknown}
 w - a scroll of immolation {unknown}
 x - a scroll of blinking {unknown}
 z - a scroll of random uselessness {unknown}
Potions
 c - a potion of heal wounds {unknown}
 f - a potion of might {unknown}
 k - a potion of ambrosia {unknown}
 l - a potion of degeneration {unknown}
 n - 4 potions of curing {unknown}
 u - 2 potions of haste {unknown}
 A - a potion of mutation {unknown}
Comestibles
 e - 2 bread rations {@e1}
 r - a slice of pizza


   Skills:
 + Level 3.2 Fighting
 * Level 6.4 Polearms
 + Level 3.2 Throwing
 + Level 4.9 Dodging


You had 4 spell levels left.
You didn't know any spells.

Dungeon Overview and Level Annotations

Branches:
Dungeon (4/15)
 Temple: D:4-7

Altars:

Annotations:
D:4 Menkaure


Message History

Attack whom?
Aim: a giant gecko You reach to attack!
You miss the giant gecko. You puncture the giant gecko!
You kill the giant gecko!
No target in view!
No target in view!
Eating a chunk of flesh {@w0}.
You continue eating. x2
Found a stone staircase leading up.
p - 2 scrolls labeled HIAMME QIOZUA (gained 1)
A worker ant comes into view.
The worker ant twitches its antennae in your direction.
You see here 22 bolts.
Found a stone staircase leading down.
You closely miss the worker ant. The worker ant misses you.
You puncture the worker ant! The worker ant misses you.
You closely miss the worker ant. The worker ant bites you.
You take 3 damage, and have 38/41 hp.
You hit the worker ant. The worker ant bites you.
You take 1 damage, and have 37/41 hp.
You hit the worker ant.
You kill the worker ant!
No target in view!
v - a scroll labeled XEVEBR ICVA
B - a ring of protection from fire {rF+, !d}
n - 4 bubbling amethyst potions (gained 2)
A gnoll comes into view. It is wielding a whip.
The gnoll shouts!
The gnoll throws a throwing net.
The throwing net hits you.
You become entangled in the net!
A gnoll, a gnoll shaman and an orc priest come into view.
You see here a throwing net {=f, !d}.
Health restored: 41 You struggle against the net.
The gnoll shaman shouts!
The gnoll moves out of view. 2 gnolls and an orc come into view.
You try to slip out of the net.
The gnoll shouts!
The orc shouts!
The gnoll moves out of view. x2
An orc comes into view.
You try to slip out of the net.
The gnoll shouts!
An orc comes into view. It is wielding a dagger.
You slip out of the net!
The orc shouts! x2
The orc priest invokes the aid of Beogh against you.
Something smites you!
You hear a shout!
You take 11 damage, and have 30/41 hp.
MASSIVE DAMAGE!!
Attack whom?
Aim: an orc priest, wielding a war axe and wearing a leather armour You reach to attack!
You barely miss the orc priest. You hit the orc priest.
The orc priest miscasts a cantrip.
You hit the orc priest but do no damage.
The orc priest mumbles some strange prayers to Beogh against you.
Something smites you!
You take 13 damage, and have 17/41 hp.
MASSIVE DAMAGE!!
You are too injured to fight recklessly!
You are too injured to fight recklessly!
You are too injured to fight recklessly!
You are too injured to fight recklessly!
You are too injured to fight recklessly!
You barely miss the orc priest. The orc priest hits you with a war axe.
You take 2 damage, and have 15/41 hp.
You puncture the orc priest!
The orc priest mumbles some strange prayers to Beogh against you.
Pain shoots through your body!
* * * LOW HITPOINT WARNING * * *
You take 3 damage, and have 12/41 hp.
You closely miss the orc priest. The orc priest completely misses you.
You barely miss the orc priest.
Menkaure, Prince of Dust comes into view.
The orc priest miscasts a cantrip.
Menkaure moves out of view.
You hit the orc priest. The orc priest hits you with a war axe.
* * * LOW HITPOINT WARNING * * *
You take 4 damage, and have 8/41 hp.
You hit the orc priest.
You kill the orc priest!
You hit the gnoll shaman but do no damage.
The gnoll shaman misses you.
The orc hits you from afar with a trident.
* * * LOW HITPOINT WARNING * * *
You take 2 damage, and have 6/41 hp.
You hit the gnoll shaman but do no damage.
The gnoll shaman hits you with a club.
* * * LOW HITPOINT WARNING * * *
The orc hits you but does no damage.
You take 2 damage, and have 4/41 hp.
You barely miss the gnoll shaman.
The gnoll shaman hits you but does no damage.
The orc hits you but does no damage.
You hit the gnoll shaman. The gnoll shaman closely misses you.
The orc hits you from afar with a trident.
You die...

#)# #.. #..
..
#..#####M...
#..#@goggo..
#..#(###g...
##....# !
#....##
#.#..#
#.#..#
#.#..#
####.#..#
##.......##


You could see Menkaure, a gnoll shaman, 3 gnolls and 2 orcs.

Vanquished Creatures
  An orc priest (D:4)
  A worker ant (D:4)
  4 adders
  An ooze (D:3)
  3 worms
  5 giant geckos
  7 orcs (D:3)
  4 bats
  3 giant cockroaches (D:3)
  9 goblins
  7 hobgoblins
  8 jackals (D:3)
  A quokka (D:2)
  3 giant newts
  3 kobolds
  7 rats
67 creatures vanquished.

Notes
Turn   | Place    | Note
--------------------------------------------------------------
     0 | D:1      | Raultor the Merfolk Gladiator began the quest for the Orb.
     0 | D:1      | Reached XP level 1. HP: 16/16 MP: 1/1
   114 | D:1      | Reached XP level 2. HP: 21/23 MP: 2/2
   809 | D:2      | Reached XP level 3. HP: 21/28 MP: 3/3
  1107 | D:2      | Reached skill level 5 in Polearms
  1518 | D:2      | Reached XP level 4. HP: 19/34 MP: 4/4
  2137 | D:3      | Reached skill level 3 in Fighting
  2367 | D:3      | Reached skill level 6 in Polearms
  2368 | D:3      | Reached skill level 3 in Throwing
  2406 | D:3      | Reached XP level 5. HP: 32/41 MP: 5/5
  2607 | D:4      | Noticed Menkaure
  2608 | D:4      | HP: 8/41 [orc priest/war axe (4)]
  2613 | D:4      | Slain by an orc

Vault maps used:
D:1:      lightli_molten_gateway
D:4:      grunt_temple_overflow_open, uniq_grinder, uniq_menkaure

Action                   |  1- 3 |  4- 6 || total
-------------------------+-------+-------++-------
Melee: Trident           |   105 |   167 ||   272
 Stab: Sleeping          |     1 |     3 ||     4
  Eat: Chunk             |     2 |     4 ||     6

Vault maps used:
D:1:      lightli_molten_gateway
D:4:      grunt_temple_overflow_open, uniq_grinder, uniq_menkaure

Table legend:
 A = Turns spent in this place as a percentage of turns spent in the entire game.
 B = Non-inter-level travel turns spent in this place as a percentage of non-inter-level travel turns spent in the entire game.
 C = Inter-level travel turns spent in this place as a percentage of turns spent in this place.
 D = Turns resting spent in this place as a percentage of non-inter-level travel turns spent in this place.
 E = Turns spent auto-exploring this place as a percentage of non-inter-level travel turns spent in this place.
 F = Non-inter-level travel turns spent in this place divided by the number of levels of this place that you've seen.
                   A       B       C       D       E      F
               +-------+-------+-------+-------+-------+----------------------
         Total | 100.0 | 100.0 |   0.4 |   1.4 |  13.7 | 166.0
       Dungeon | 100.0 | 100.0 |   0.4 |   1.4 |  13.7 | 166.0
               +-------+-------+-------+-------+-------+----------------------

Table legend:
 A = Kills in this place as a percentage of kills in entire the game.
 B = Kills by you in this place as a percentage of kills by you in the entire game.
 C = Kills by friends in this place as a percentage of kills by friends in the entire game.
 D = Other kills in this place as a percentage of other kills in the entire game.
 E = Experience gained in this place as a percentage of experience gained in the entire game.
 F = Experience gained in this place divided by the number of levels of this place that you have seen.
                   A       B       C       D       E      F
               +-------+-------+-------+-------+-------+----------------------
         Total | 100.0 | 100.0 |  -nan |  -nan | 100.0 |  62.2
       Dungeon | 100.0 | 100.0 |  -nan |  -nan | 100.0 |  62.2
               +-------+-------+-------+-------+-------+----------------------
